 BcadrenCrawl: Boulder Brew version 0.04.2-20-g1dbc4a6302 (webtiles) character file.

Game seed: 7395823481666710151, levelgen mode: deterministic

8376 st0uf the Grappler (level 11, -6/92 HPs) Magenta Draconian Demonspawn. Began on May 24, 2021. Was an Elder of Bahamut & Tiamat. Mangled by a yak (8 damage) ... on level 1 of the Lair of Beasts. The game lasted 00:24:30 (5802 turns).

st0uf the Grappler (Magenta Draconian Demonspawn)   Turns: 5802, Time: 00:24:30

Health: -6/92      AC: 13    Str: 20    XL:     11 ^: 9882
Magic:  22/22      EV: 14    Int: 12    God:    Bahamut & Tiamat [4* [112]]
Gold:   289        SH:  4    Dex: 11    Spells: 23/24 levels left

rFire    . . .     Vision   .   e - +2 buckler {rPois}
rCold    . . .     Gourm    .     - Unarmed
rNeg     . . .     Faith    .   (armour unavailable)
rPois    +         Spirit   .   (helmet restricted)
rElec    .         Reflect  .   (no cloak)
rCorr    .         Harm     .   (gloves unavailable)
MR       .....                  (no boots)
Stlth    +++.......             (no amulet)
HPRegen  0.40/turn              o - ring of protection
MPRegen  0.32/turn              (no ring)

@: repel missiles
A: no body armour, unfitting armour, claws 3, nightstalker 1, cold-blooded,
boosted short blades aptitude, charms enhancer 1, rMsl, AC +8
a: Breathe Fog, Choose Bahamut's Refined Breath, Choose Tiamat's Adaptive
Breath, Choose Bahamut's Drake Mount, Choose Tiamat's Summon Drakes, Renounce
Religion


You were on level 1 of the Lair of Beasts.
You worshipped Bahamut & Tiamat.
Bahamut & Tiamat was greatly pleased with you.
You were not hungry.

You visited 3 branches of the dungeon, and saw 7 of its levels.

You collected 289 gold pieces.

Inventory:

Shields
 e - a +2 buckler of poison resistance (shield)
Armour
 h - a +2 pair of gloves
Jewellery
 l - an uncursed ring of magical power
 o - a ring of protection (left claw)
 r - an uncursed ring of ice
 s - a cursed amulet of the acrobat {(Curse: Int-2)}
 t - a cursed ring of positive energy {(Curse: rC- MR-)}
 x - a cursed amulet of magic regeneration {(Curse: rF-)}
Wands
 v - a wand of iceblast (8)
 w - a wand of disintegration (13)
Scrolls
 c - 3 scrolls of teleportation
 d - 2 scrolls of magic mapping
 i - a scroll of silence
 j - 2 scrolls of summoning
 m - 2 scrolls of enchantment
 p - 2 scrolls of amnesia
 q - a scroll of bless item
Potions
 a - 3 potions of brilliance
 f - a potion of cure mutation
 g - 6 potions of curing
 k - a potion of cancellation
 n - a potion of might
 u - a potion of heal wounds
Comestibles
 b - 17 rations


   Skills:
 * Level 7.5 Fighting
 + Level 4.7 Dodging
 - Level 2.0 Stealth
 * Level 4.9 Shields
 + Level 9.8 Unarmed Combat
 * Level 7.4 Spellcasting
 - Level 1.5 Fire Magic
 + Level 3.0 Invocations


You had 23 spell levels left.
You knew the following spells:

 Your Spells              Type           Power        Failure   Level  Hunger
a - Flame Tongue          Fire           8 (30)       9%          1    None

Your spell library contained the following spells:

 Spells                   Type           Power        Failure   Level  Hunger
 Magic Candle             Hex/Fire       6 (90)       12%         1    None
 Blink                    Tloc           N/A          24%         2    #......
 Call Imp                 Summ           4 (100)      24%         2    #......
 Ensorcelled Hibernation  Hex/Ice        4 (50)       24%         2    #......
 Slow                     Hex            4 (100)      24%         2    #......
 Conjure Flame            Fire           8 (100)      24%         3    ###....
 Blinding Spray           Hex/Pois       4 (50)       43%         3    ###....
 Confuse                  Hex            4 (100)      43%         3    ###....
 Mephitic Cloud           Pois/Air       4 (100)      43%         3    ###....
 Tukima's Dance           Hex            4 (100)      43%         3    ###....
 Fulminant Prism          Hex            4 (200)      83%         4    ####...


Dungeon Overview and Level Annotations

Branches:
Dungeon (5/8)              Temple (1/1) D:4            Lair (1/6) D:5

Altars:
Bahamut & Tiamat
Cheibriados
Dithmenos
Elyvilon
Fedhas Madash
Hepliaklqana
Kikubaaqudgha
Nemelex Xobeh
Okawaru
Qazlal
Ru
Sif Muna
Uskayaw
Vehumet
Wu Jian
Xom
Yredelemnul

Shops:
D:2 (


Innate Abilities, Weirdness & Mutations

You cannot fit into any form of body armour.
Your hazy amethyst scales are resilient. (AC +8)
You can breathe clouds of thick fog.
You have claws for hands. (+6 Unarmed)
You are slightly more attuned to the shadows.
You are cold-blooded and may be slowed by cold attacks.
You are naturally skilled at Short Blades (Aptitude +3).
You are in touch with the powers of charms.
Your hazy amethyst scales passively repel missiles. (rMsl)


Message History

* * * LOW HITPOINT WARNING * * *
You mangle the seven-headed hydra (20)!!
You tear one of the seven-headed hydra's heads off!
The six-headed hydra grows two more!
The eight-headed hydra is moderately wounded. (56/76) HP The yak gores you but does no damage.
The eight-headed hydra bites you but does no damage. x3
The eight-headed hydra bites you (11)!
* * * LOW HITPOINT WARNING * * *
The eight-headed hydra misses you (0).
The eight-headed hydra bites you but does no damage.
You block the eight-headed hydra's attack.
The eight-headed hydra bites you (8)!
* * * LOW HITPOINT WARNING * * *
You claw the eight-headed hydra (10)!
You tear one of the eight-headed hydra's heads off!
The seven-headed hydra grows two more!
The nine-headed hydra is moderately wounded. (56/76) HP You block the yak's attack.
The yak gores you (8)!
You die...

#
##########.####
......@Y.......
...?.YYD.......
...............
............>..
...............
......####..###
...... .##
..... #


You could see a nine-headed hydra and 3 yaks.

Vanquished Creatures
  2 two-headed ogres (D:5)
  Psyche (D:5)
  A kobold demonologist (D:4)
  A steam dragon (D:5)
  2 yaks (D:5)
  3 wyverns (D:5)
  2 basilisks (D:5)
  A slime creature (D:2)
  An orc warrior (D:5)
  A phantom (D:5)
  4 scorpions
  2 necrophages
  2 water moccasins (D:2)
  An ice beast (D:5)
  2 sky beasts
  6 ogres
  2 crocodiles (D:2)
  9 bullfrogs
  13 big kobolds
  2 howler monkeys (D:4)
  3 wights (D:4)
  3 killer bees (D:5)
  2 quasits
  3 orc priests
  5 hounds
  6 jellies
  5 orc wizards
  4 worker ants
  9 iguanas
  A wyvern skeleton (D:4)
  12 giant cockroaches
  2 bullfrog zombies (D:4)
  4 bullfrog skeletons
  3 shadow imps (D:4)
  7 adders
  27 sewer rats
  A white imp (D:4)
  3 worms
  7 cinder newts
  A hound zombie (D:5)
  4 oozes
  4 leopard geckos
  15 orcs
  2 adder skeletons (D:2)
  An adder zombie (D:5)
  6 ball pythons
  2 cinder newt skeletons (D:2)
  2 goblins (D:1)
  A hobgoblin (D:1)
  3 jackals (D:2)
  2 quokkas
  7 bats
  3 bat skeletons (D:2)
  A goblin skeleton (D:2)
  A hobgoblin skeleton (D:2)
  43 kobolds
  10 kobold skeletons
  9 kobold zombies (D:4)
  A leopard gecko skeleton (D:2)
  A quokka zombie (D:5)
  2 rats (D:1)
  A rat skeleton (D:2)
  A butterfly (D:5)
288 creatures vanquished.

Vanquished Creatures (others)
  A rat skeleton (D:2)
  A giant blowfly (D:2)
  4 plants (D:2)
  49 withered plants (D:2)
55 creatures vanquished.

Grand Total: 343 creatures vanquished

Notes
Turn   | Place    | Note
-------+----------+-------------------------------------------
     0 | D:1      | st0uf the Immature Draconian Demonspawn began the quest for
                  | the Orb.
     0 | D:1      | Reached XP level 1. HP: 16/16 MP: 3/3
   226 | D:1      | Gained mutation: You have sharp fingernails. (+2 Unarmed)
                  | [demonic ancestry]
   226 | D:1      | Reached XP level 2. HP: 22/23 MP: 4/4
   482 | D:2      | Gained mutation: You are slightly more attuned to the
                  | shadows. [demonic ancestry]
   482 | D:2      | Reached XP level 3. HP: 14/29 MP: 5/5
   522 | D:1      | Reached skill level 2 in Unarmed Combat
   625 | D:2      | Reached XP level 4. HP: 32/36 MP: 7/7
   666 | D:2      | Reached skill level 1 in Shields
   770 | D:2      | Reached XP level 5. HP: 32/42 MP: 8/8
   865 | D:2      | Reached skill level 3 in Unarmed Combat
   865 | D:2      | Reached XP level 6. HP: 49/50 MP: 10/10
  1067 | D:2      | Found an iron altar of Okawaru.
  1101 | D:2      | Your scales start taking on a hazy amethyst colour.
  1101 | D:2      | Reached XP level 7. HP: 37/57 MP: 12/12
  1101 | D:2      | Gained mutation: You have very sharp fingernails. (+4
                  | Unarmed) [demonic ancestry]
  1101 | D:2      | Gained mutation: Your hazy amethyst scales passively repel
                  | missiles. (rMsl) [Magenta Draconian growth]
  1101 | D:2      | Gained mutation: You are in touch with the powers of
                  | charms. [Magenta Draconian growth]
  1123 | D:2      | Reached skill level 4 in Unarmed Combat
  1465 | D:2      | Reached XP level 8. HP: 34/66 MP: 14/14
  1475 | D:2      | Reached skill level 5 in Unarmed Combat
  1507 | D:2      | Found a white marble altar of Elyvilon.
  1820 | D:2      | Found Afrih's Weapon Shoppe.
  1838 | D:2      | Found a shimmering altar of Xom.
  2485 | D:3      | Reached skill level 6 in Unarmed Combat
  2489 | D:3      | Reached skill level 5 in Spellcasting
  2567 | D:3      | Found an iron altar of Okawaru.
  2569 | D:3      | Found a snail-covered altar of Cheibriados.
  2569 | D:3      | Found a hide-covered altar of Uskayaw.
  2570 | D:3      | Found a blossoming altar of Fedhas.
  2576 | D:3      | Reached skill level 5 in Fighting
  2577 | D:3      | Found a white marble altar of Elyvilon.
  2577 | D:3      | Found an ornate altar of the Wu Jian Council.
  2817 | D:3      | Reached XP level 9. HP: 69/74 MP: 16/16
  3538 | D:4      | Reached skill level 7 in Unarmed Combat
  3558 | D:4      | Found a staircase to the Ecumenical Temple.
  3578 | Temple   | Entered the Ecumenical Temple
  3632 | Temple   | Became a worshipper of Bahamut & Tiamat
  3832 | D:4      | Reached * piety under Bahamut & Tiamat
  3845 | D:4      | Noticed a kobold demonologist
  3866 | D:4      | Noticed a rust devil
  3868 | D:4      | Noticed a hellwing
  4016 | D:4      | Noticed a sun demon
  4018 | D:4      | Killed a kobold demonologist
  4018 | D:4      | Reached skill level 8 in Unarmed Combat
  4056 | D:4      | Reached ** piety under Bahamut & Tiamat
  4076 | D:4      | Gained mutation: You are naturally skilled at Short Blades
                  | (Aptitude +3). [draconic bloodline]
  4076 | D:4      | Gained mutation: You have claws for hands. (+6 Unarmed)
                  | [demonic ancestry]
  4076 | D:4      | Reached XP level 10. HP: 80/83 MP: 19/19
  4103 | D:4      | Found an ancient bone altar of Kikubaaqudgha.
  4578 | D:5      | Entered Level 5 of the Dungeon
  4584 | D:5      | Reached *** piety under Bahamut & Tiamat
  4621 | D:5      | Noticed a two-headed ogre
  4629 | D:5      | Killed a two-headed ogre
  4635 | D:5      | Noticed a two-headed ogre
  4727 | D:5      | Killed a two-headed ogre
  4767 | D:5      | Noticed Psyche
  4774 | D:5      | Killed Psyche
  4774 | D:5      | Reached skill level 9 in Unarmed Combat
  5079 | D:5      | Found a staircase to the Lair.
  5156 | D:5      | Reached **** piety under Bahamut & Tiamat
  5251 | D:5      | Reached XP level 11. HP: 41/92 MP: 22/22
  5715 | Lair:1   | Entered Level 1 of the Lair of Beasts
  5716 | Lair:1   | Noticed a four-headed hydra
  5801 | Lair:1   | HP: 1/92 [eight-headed hydra (8)]
  5802 | Lair:1   | Mangled by a yak

Levels and vault maps discovered:
D:1:      dpeg_arrival_stone_temple_mockup, layout_basic, minmay_misc_feat_chi,
          minmay_misc_feat_columns
D:2:      layout_sewer, elyvilon_niche, first_ration, basic_altar, serial_shops,
          shop, serial_bayou, serial_bayou_crossing, serial_bayou_pond_e,
          serial_bayou_shore_b, okawaru_metal_pillars_1_2
D:3:      layout_basic, grunt_temple_overflow_open
D:4:      wander_kiku_kobolds, layout_long_grid, temple_green
D:5:      layout_loops_ring, erik_lair_dragon, uniq_psyche
Temple:   regret_index_temple_sphere_string
Lair:1:   layout_chaotic_city, chequers_ossuary_entry_cave, lemuel_fruit_fields

Skill      XL: |  1  2  3  4  5  6  7  8  9 10 |
---------------+-------------------------------+-----
Unarmed Combat | 2 3 4 6 8 9 |  9.8
Spellcasting   | 2 3 4 5 6 7 |  7.4
Fighting       | 2 3 4 5 6 7 |  7.5
Dodging        | 3 4 |  4.7
Shields        | 1 2 3 4 |  4.9
Stealth        | 2 |  2.0
Fire Magic     | |  1.5
Invocations    | |  3.0

Action                   |  1- 3 |  4- 6 |  7- 9 | 10-12 || total
-------------------------+-------+-------+-------+-------++-------
Melee: Unarmed           |   102 |   259 |   475 |   187 ||  1023
       Tailslap          |     4 |    25 |    55 |    19 ||   103
Invok: Choose Bahamut's  |       |       |     1 |       ||     1
 Stab: Sleeping          |     1 |     1 |     9 |     6 ||    17
       Distracted        |       |       |       |     1 ||     1
  Eat: Chunk             |       |     1 |    10 |     6 ||    17
Armor: Skin              |    20 |    56 |   136 |    35 ||   247
Dodge: Dodged            |    47 |   123 |   195 |    62 ||   427
       Deflected         |       |       |     1 |       ||     1
Block: Buckler           |     5 |    24 |    38 |    17 ||    84
